cohdb
Replays
Latest Replays
All Replays
Popular Replays
Top Player Replays
Match Explorer
How It Works
Community
CoH3 Stats
Reddit
Sign in to upload your games and track your stats! →
Sign in with Steam
Match 32720908
Unlisted
Match 32720908
Overview
Messages
Build Orders
End
Selects Luftwaffe Battlegroup
Selects Luftwaffe Pioneer Support
Fallschirmpioneer Squad Paradrop
Construct Infanterie Kompanie
Grenadier Squad
Fallschirmpioneer Squad Paradrop
MG 42 Machine Gun Team
MG 42 Machine Gun Team
Infanterie Officer Quarters
Selects LG40 Recoilless Gun Paradrop
Construct Panzergrenadier Kompanie
Medical Station
GrW 34 Mortar Team
Support Elements
Pak 40 Anti-tank Gun Team
Nebelwerfer 42 Rocket Launcher Team
Selects Stuka Strafing Run
Construct Panzer Kompanie
Selects Infantry Reserves
Panzer IV Medium Tank
Panzer IV Medium Tank
Panzer IV Medium Tank
愉悦的动员兵
413005993
地狱猫猫喵不怕黄鼠狼
活结大王的崛起
skx0624
matrix4x4
cm210234
mark930220
0
0
Comments
sign in to comment!
No comments posted yet!